 Dungeon Crawl Stone Soup version 0.30-a0-1161-g0704695555 (webtiles) character file.

Game seed: 10958670521452116122

961 qeuew the Digger (level 8, -1/46 HPs)
             Began as a Gargoyle Earth Elementalist on Apr 27, 2023.
             Slain by a yak (8 damage)
             ... on level 5 of the Dungeon.
             The game lasted 00:06:26 (5373 turns).

qeuew the Digger (Gargoyle Earth Elementalist)      Turns: 5373, Time: 00:06:27

Health: -1/46      AC:  9    Str: 13      XL:     8   Next: 15%
Magic:  2/13       EV: 12    Int: 16 (17) God:
Gold:   509        SH:  0    Dex: 10      Spells: 9/13 levels left

rFire   . . .        d - +0 flail
rCold   . . .        (no shield)
rNeg    + . .        b - +0 leather armour
rPois   ∞            (no helmet)
rElec   +            (no cloak)
rCorr   .            (no gloves)
SInv    .            (no boots)
Will    .....        (no amulet)
Stlth   ++           (no ring)
HPRegen 0.27/turn    (no ring)
MPRegen 0.13/turn

%: no passive effects
@: no status effects
A: sickness immunity, AC +5, negative energy resistance 1, electricity
resistance, torment resistance 1, petrification resistance
a: no special abilities


You were on level 5 of the Dungeon.
You visited 1 branch of the dungeon, and saw 5 of its levels.
You also visited: Ossuary.

You collected 509 gold pieces.

Inventory:

Hand Weapons
 d - a +0 flail (weapon)
Missiles
 h - a throwing net
Armour
 b - a +0 leather armour (worn)
Wands
 f - a wand of acid (10)
Potions
 a - 2 potions of haste
 c - 2 potions of curing
 g - 2 potions of brilliance
 j - a potion of magic


   Skills:
 + Level 3.1 Fighting
 + Level 2.6 Maces & Flails
 * Level 4.9 Armour
 + Level 3.0 Dodging
 - Level 2.1 Stealth
 + Level 3.4 Spellcasting
 - Level 0.7 Transmutations
 * Level 6.6 Earth Magic


You had 9 spell levels left.
You knew the following spells:

 Your Spells              Type           Power      Damage    Failure   Level
a - Sandblast             Erth           46%        2d11      1%          1
b - Stone Arrow           Conj/Erth      26%        3d8       17%         3

Your spell library contained the following spells:

 Spells                   Type           Power      Damage    Failure   Level
 Passwall                 Tmut/Erth      11%        N/A       8%          2
 Petrify                  Tmut/Erth      14%        N/A       43%         4
 Dazzling Flash           Conj/Hex       4%         N/A       54%         3
 Dispel Undead            Necr           2%         3d7       91%         4
 Agony                    Necr           2%         N/A       99%         5
 Silence                  Hex/Air        1%         N/A       99%         5
 Death Channel            Necr           1%         N/A       100%        6
 Malign Gateway           Summ/Tloc      1%         N/A       100%        7
 Summon Horrible Things   Summ           1%         N/A       100%        8
 Cigotuvi's Dreadful Rot  Necr/Pois/Air  Unusable   N/A       N/A         2

Dungeon Overview and Level Annotations

Branches:
Dungeon (5/15)             Temple (0/1) D:5         Ossuary (visited)

Altars:
Nemelex Xobeh

Shops:
D:2 =[:!


Innate Abilities, Weirdness & Mutations

You are immune to sickness and miasma.
Your stone body is resilient. (AC +5)
You are immune to poison.
You resist negative energy. (rN+)
You are resistant to electric shocks. (rElec)
You are resistant to unholy torment.
You are immune to petrification.


Message History

Casting: Stone Arrow (dangerous; 17% risk of failure)
Confirm with . or Enter, or press ? or * to list all spells.
Aiming: Stone Arrow (dangerous; 17% risk of failure)
Press: ? - help, Shift-Dir - straight line, f/p - yak
Aim: a yak (severely wounded, 81% to hit)
The stone arrow hits the yak!
The yak is moderately wounded.
The yak gores you.
Unknown command.
You hit the yak.
The yak is heavily wounded.
The yak gores you but does no damage.
You hit the yak.
The yak is heavily wounded.
The yak gores you!
You hit the yak.
The yak is severely wounded.
The yak closely misses you. The yak gores you!
You barely miss the yak.
The yak is severely wounded.
The yak gores you but does no damage.
You hit the yak.
The yak is severely wounded.
The yak gores you!
* * * LOW HITPOINT WARNING * * *
You feel better. The yak misses you.
You hit the yak.
The yak is severely wounded.
The yak gores you but does no damage. The yak barely misses you.
You hit the yak.
The yak is almost dead.
The yak gores you.
* * * LOW HITPOINT WARNING * * *
You hit the yak.
The yak is almost dead.
The yak barely misses you.
You barely miss the yak.
The yak is almost dead.
The yak gores you!
You die...

.....
#####....
..Y. #.....
#####..Y#
#.....
#.......#
######
#<..Y.Y.# ##
#.......#
###.
#.......#
##...
#...Y#####
##....
#..YYY@..#
##....#
#...Y###.#
##...###
#....# #.#
###...##
#....# #.#
###....##
#....#
#.###.....##
######
#........##
#......###
##...###
#####


You could see 5 yaks.

Vanquished Creatures
  Grinder (D:4)
  A black bear (D:2)
  An ogre (D:5)
  A phantom (D:4)
  A scorpion (D:5)
  A hound (D:3)
  A human zombie (Ossuary)
  A centaur zombie (Ossuary)
  2 iguanas
  Natasha (thrice) (D:3)
  An orc wizard (D:2)
  2 mummies (Ossuary)
  3 gnolls
  5 adders
  A worm (D:4)
  2 dart slugs
  16 orcs
  5 endoplasms
  4 giant cockroaches
  2 gnoll zombies (Ossuary)
  4 goblins
  4 hobgoblins
  13 jackals
  6 ball pythons
  7 bats
  4 frilled lizards
  2 goblin zombies (Ossuary)
  3 hobgoblin zombies (Ossuary)
  8 kobolds
  5 orc zombies (Ossuary)
  2 rats
112 creatures vanquished.

Notes
Turn   | Place    | Note
-------+----------+-------------------------------------------
     0 | D:1      | qeuew the Gargoyle Earth Elementalist began the quest for
                  | the Orb.
     0 | D:1      | Reached XP level 1. HP: 10/10 MP: 3/3
   297 | D:1      | Reached XP level 2. HP: 15/15 MP: 1/5
   437 | D:1      | Reached skill level 1 in Armour
   545 | D:1      | Reached skill level 4 in Earth Magic
   548 | D:1      | Reached XP level 3. HP: 12/20 MP: 1/6
   555 | D:1      | Learned a level 3 spell: Stone Arrow
  1136 | D:2      | Reached skill level 1 in Fighting
  1200 | D:2      | Noticed a black bear
  1207 | D:2      | Killed a black bear
  1208 | D:2      | Reached skill level 1 in Maces & Flails
  1208 | D:2      | Reached XP level 4. HP: 9/25 MP: 2/7
  1208 | D:2      | Reached XP level 5. HP: 11/29 MP: 2/8
  1582 | D:2      | You fall into a shaft and drop 2 floors!
  1783 | D:2      | Found Bohoed's Jewellery Emporium.
  1925 | D:2      | Found Motriem's Antique Armour Shop.
  2107 | D:2      | Found Vecsuasuf's Distillery.
  2178 | D:2      | Found Tetzilil's Book Boutique.
  2607 | D:2      | Reached skill level 5 in Earth Magic
  2607 | D:2      | Reached XP level 6. HP: 6/35 MP: 5/10
  3023 | D:3      | Noticed Natasha
  3029 | D:3      | Killed Natasha
  3043 | D:3      | Noticed Natasha
  3047 | D:3      | Killed Natasha
  3064 | D:3      | Noticed Natasha
  3072 | D:3      | Killed Natasha
  3264 | D:3      | Found a sparkling altar of Nemelex Xobeh.
  3605 | D:4      | Noticed Grinder
  3608 | D:4      | Paralysed by Grinder for 5 turns
  3620 | D:4      | Killed Grinder
  3621 | D:4      | Reached XP level 7. HP: 21/40 MP: 3/11
  3934 | D:4      | Reached skill level 6 in Earth Magic
  4494 | D:5      | Entered Level 5 of the Dungeon
  4524 | D:5      | Reached XP level 8. HP: 31/46 MP: 1/13
  4637 | D:5      | Found a staircase to the Ecumenical Temple.
  4652 | D:5      | Found a sand-covered staircase.
  4657 | Ossuary  | Entered an ossuary
  5346 | D:5      | Noticed a yak
  5346 | D:5      | Noticed a yak
  5347 | D:5      | Noticed a yak
  5348 | D:5      | Noticed a yak
  5348 | D:5      | Noticed a yak
  5349 | D:5      | Noticed a yak
  5373 | D:5      | Slain by a yak

Illustrated notes

Levels and vault maps discovered:
D:1:      lightli_arrival_windingriver, layout_basic, dreamdust_wishing_well,
          minmay_misc_feat_four_crosses
D:2:      layout_loops_corners, serial_shops, nicolae_shop_trees,
          nicolae_shop_stone, nicolae_shop_hallway_plus, shop
D:3:      layout_basic, lemuel_doored_altar, dk_noncrumbling_2, uniq_natasha
D:4:      layout_cave_pods, minmay_fractal_squares_gapless_5, uniq_grinder
D:5:      layout_rooms, minmay_temple_entry_large_hall, serial_curves,
          eino_curves_04, eino_curves_04, eino_curves_01, eino_curves_01,
          enter_ossuary_2, uniq_crazy_yiuf_cottage

Skill      XL: |  1  2  3  4  5  6  7  8 |
---------------+-------------------------+-----
Armour         | 1 2 3 4 |  4.9
Earth Magic    | 4 5 6 |  6.6
Fighting       | 1 2 3 |  3.1
Maces & Flails | 1 2 |  2.6
Dodging        | 2 3 |  3.0
Spellcasting   | 3 |  3.4
Stealth        | |  2.1
Transmutations | |  0.7

Action                     |  1- 3 |  4- 6 |  7- 9 || total
---------------------------+-------+-------+-------++-------
  Melee: Unarmed           |     5 |       |       ||     5
         Whip              |     2 |       |       ||     2
         Flail             |     1 |    15 |    43 ||    59
         Punch             |       |       |     1 ||     1
   Cast: Sandblast         |    38 |    94 |    63 ||   195
         Stone Arrow       |     1 |       |     7 ||     8
    Use: Potion            |     3 |     3 |     3 ||     9
         Scroll            |       |     4 |     2 ||     6
   Stab: Sleeping          |     1 |       |       ||     1
 Armour: Robe              |    17 |    36 |       ||    53
         Leather armour    |       |     4 |    52 ||    56
  Dodge: Dodged            |    30 |    60 |    99 ||   189

Table legend: (Time is in decaauts)
 A = Elapsed time spent in this place.
 B = Non-inter-level travel time spent in this place.
 C = Inter-level travel time spent in this place.
 D = Time resting spent in this place.
 E = Time spent auto-exploring this place.
 F = Levels seen in this place.
 G = Mean time per level.
                   A        B        C        D        E       F      G
               +--------+--------+--------+--------+--------+-----+--------+
         Total |   5494 |   5296 |    198 |    303 |   4250 |   6 |  915.7 |
       Dungeon |   5180 |   4982 |    198 |    303 |   4024 |   5 | 1036.0 |
       Ossuary |    313 |    313 |      0 |      0 |    226 |   1 |  313.0 |
               +--------+--------+--------+--------+--------+-----+--------+

Top non-repeatable levels by time:
     D:2: 1490 daAuts
     D:4: 1410 daAuts
     D:1: 1119 daAuts
     D:3: 903 daAuts
 Ossuary: 313 daAuts
     D:5: 257 daAuts
